 Dungeon Crawl Stone Soup version 0.24.1 (webtiles) character file.

Game seed: 2185138952721283453, levelgen mode: deterministic

156 Kagerus the Spear-Bearer (level 5, 38/38 HPs)
             Began as a Merfolk Gladiator on Dec 1, 2019.
             Got out of the dungeon alive.
             The game lasted 00:09:27 (2689 turns).

Kagerus the Spear-Bearer (Merfolk Gladiator)        Turns: 2689, Time: 00:09:27

Health: 38/38      AC: 10    Str: 15    XL:     5   Next: 37%
Magic:  5/5        EV: 11    Int:  7    God:
Gold:   197        SH:  0    Dex: 16    Spells: 4/4 levels left

rFire    . . .     SeeInvis .   a - +0 trident
rCold    . . .     Gourm    .   (no shield)
rNeg     . . .     Faith    .   e - +0 scale mail
rPois    .         Spirit   .   c - +0 helmet
rElec    .         Reflect  .   (no cloak)
rCorr    .         Harm     .   (no gloves)
MR       .....                  g - +2 pair of boots {run}
Stlth    ..........             (no amulet)
HPRegen  0.12/turn              (no ring)
MPRegen  0.09/turn              (no ring)

@: quick
A: change form in water, swift swim, stealthy swim
a: no special abilities


You escaped.
You were not hungry.

You visited 1 branch of the dungeon, and saw 4 of its levels.

You collected 197 gold pieces.

Inventory:

Hand Weapons
 a - a +0 trident (weapon)
Missiles
 d - 3 throwing nets
 k - 43 poisoned darts (quivered)
Armour
 c - a +0 helmet (worn)
 e - a +0 scale mail (worn)
 g - a +2 pair of boots of running (worn)
Jewellery
 n - a +3 ring of evasion {unknown}
 s - an uncursed ring of stealth {unknown}
Wands
 t - a wand of enslavement (11)
 v - a wand of polymorph (12)
Scrolls
 b - 2 scrolls of immolation {unknown}
 h - a scroll of noise {unknown}
 i - a scroll of enchant armour {unknown}
 j - 3 scrolls of identify {unknown}
 l - a scroll of fear {unknown}
 m - 2 scrolls of remove curse {unknown}
 o - a scroll of amnesia {unknown}
 p - 3 scrolls of random uselessness {unknown}
 q - 2 scrolls of teleportation {unknown}
 w - a scroll of magic mapping {unknown}
Potions
 r - 2 potions of curing
 u - a potion of cancellation {unknown}
Comestibles
 f - 7 rations


   Skills:
 - Level 2.1 Fighting
 - Level 8.5 Polearms
 + Level 2.0 Throwing
 - Level 4.0 Dodging


You had 4 spell levels left.
You didn't know any spells.
Your spell library was empty.

Dungeon Overview and Level Annotations

Branches:
Dungeon (4/15)
 Temple: D:4-7

Altars:
Dithmenos
Gozag
Hepliaklqana
Yredelemnul


Message History

You must enter the number of times for the command to repeat.
There is a stone staircase leading up here.
You climb upwards.
There is a stone staircase leading down here.
There is a stone staircase leading up here.
You climb upwards.
There is a stone staircase leading down here.
Things that are here:
a scale mail; a +0 leather armour
There is a staircase leading out of the dungeon here.
Are you sure you want to leave the Dungeon?
This will make you lose the game!
Uppercase [Y]es or [N]o only, please.
Are you sure you want to leave the Dungeon?
This will make you lose the game!
Alright, then stay!
Are you sure you want to leave the Dungeon?
This will make you lose the game!
Uppercase [Y]es or [N]o only, please.
Are you sure you want to leave the Dungeon?
This will make you lose the game!
Uppercase [Y]es or [N]o only, please.
Are you sure you want to leave the Dungeon?
This will make you lose the game!
You have escaped!

####....#...............#
####.#
........#.##.#..........#
#.#
#########....##..###.####
#..
...#......#####...##..#
###
#.##.##..#####..8..##.#
#####
#.##........#.......#.#
#...#
#.....#...............#
#...###
#####...........8.....#
#......
#...#.......@....##
#......
#.#.#.#..8.....8.#
#......
#.#.#.#....≈≈≈...#
#......
#.#+#.#.##≈≈≈≈§###
#...... #.....#.##§§≈§§#
#...... #.....#.##§§>≈§#
##..... #.......########
#..... #.....### #.....
#.....# #.....


There were no monsters in sight!

Vanquished Creatures
  A crimson imp (D:3)
  Jessica (D:3)
  Ijyb (D:3)
  A gnoll (D:1)
  A worm (D:2)
  A dart slug (D:1)
  2 orcs (D:3)
  5 giant cockroaches
  6 goblins
  6 hobgoblins
  3 jackals (D:2)
  6 kobolds
  A quokka (D:3)
  5 bats
  5 frilled lizards
  12 rats
57 creatures vanquished.

Notes
Turn   | Place    | Note
-------+----------+-------------------------------------------
     0 | D:1      | Kagerus the Merfolk Gladiator began the quest for the Orb.
     0 | D:1      | Reached XP level 1. HP: 16/16 MP: 1/1
   196 | D:1      | Reached skill level 5 in Polearms
   375 | D:1      | Reached XP level 2. HP: 9/22 MP: 2/2
   895 | D:1      | Reached skill level 6 in Polearms
   895 | D:1      | Reached XP level 3. HP: 27/27 MP: 3/3
  1103 | D:2      | Found a shadowy altar of Dithmenos.
  1607 | D:2      | Identified a +2 pair of boots of running (You found it on
                  | level 2 of the Dungeon)
  1699 | D:2      | Found a hazy altar of Hepliaklqana.
  1700 | D:2      | Found an opulent altar of Gozag.
  1700 | D:2      | Found a basalt altar of Yredelemnul.
  1882 | D:3      | Noticed Ijyb
  1930 | D:3      | Noticed Jessica
  1937 | D:3      | Killed Jessica
  1937 | D:3      | Reached skill level 7 in Polearms
  1937 | D:3      | Reached XP level 4. HP: 33/33 MP: 4/4
  2158 | D:3      | Reached skill level 8 in Polearms
  2158 | D:3      | Reached XP level 5. HP: 33/38 MP: 5/5
  2211 | D:3      | Killed Ijyb
  2616 | D:3      | Upgraded the game from 0.24.0-37-gcf1ca852f1 to 0.24.1
  2689 | D:$      | Got out of the dungeon alive.

Levels and vault maps discovered:
D:1:      grunt_arrival_lava_bath, layout_basic
D:2:      layout_basic, chequers_temple_overflow_statue_of_worship,
          grunt_dithmenos_smoke_and_mirrors, minmay_pentomino_z4
D:3:      layout_loops_cross, first_ration, uniq_jessica, uniq_ijyb
D:4:      layout_loops_corners, gammafunk_ghost_nasty_kobolds, serial_shops,
          shop

Skill      XL: |  1  2  3  4 |
---------------+-------------+-----
Polearms       | 5 6 7 8 |  8.5
Fighting       | |  2.1
Throwing       | |  2.0
Dodging        | |  4.0

Action                   |  1- 3 |  4- 6 || total
-------------------------+-------+-------++-------
Melee: Trident           |   117 |    71 ||   188
Throw: Throwing net      |     1 |       ||     1
       Dart              |     4 |     8 ||    12
  Use: Potion            |     3 |       ||     3
 Stab: Sleeping          |     1 |       ||     1
  Eat: Chunk             |     3 |     2 ||     5
Armor: Leather armour    |     6 |       ||     6
       Scale mail        |    29 |    18 ||    47
Dodge: Dodged            |    51 |    25 ||    76
